 Dungeon Crawl Stone Soup version 0.31.0-9-g3a7656b989 (webtiles) character file.

Game seed: 7392319695513576776

92 Eitelfritz the Slasher (level 4, 0/37 HPs)
             Began as a Minotaur Gladiator on Feb 4, 2024.
             Was a Follower of Wu Jian.
             Slain by an orc
             ... wielding a +0 club
              (5 damage)
             ... on level 3 of the Dungeon.
             The game lasted 00:04:05 (1754 turns).

Eitelfritz the Slasher (Minotaur Gladiator)         Turns: 1754, Time: 00:04:05

Health: 0/37       AC:  5    Str: 19    XL:     4   Next: 35%
Magic:  3/3        EV: 12    Int:  7    God:    Wu Jian [*.....]
Gold:   143        SH:  0    Dex: 11    Spells: 3/3 levels left

rFire   . . .        a - +0 long sword
rCold   . . .        (no shield)
rNeg    . . .        r - +0 ring mail
rPois   .            c - +0 hat
rElec   .            u - scarf {+Inv}
rCorr   .            (no gloves)
SInv    .            (no boots)
Will    .....        (no amulet)
Stlth   +            (no ring)
HPRegen 0.26/turn    (no ring)
MPRegen 0.08/turn

%: no passive effects
@: no status effects
A: horns 2, retaliatory headbutt
a: Renounce Religion, Evoke Invisibility


You were on level 3 of the Dungeon.
You worshipped Wu Jian.
Wu Jian was aware of your devotion.
You visited 1 branch of the dungeon, and saw 3 of its levels.

You collected 143 gold pieces.

Inventory:

Hand Weapons
 a - a +0 long sword (weapon)
 b - a +0 orcbow
Missiles
 d - 3 throwing nets (quivered)
 e - a javelin
 f - 9 poisoned darts
Armour
 c - a +0 hat (worn)
 r - a +0 ring mail (worn)
 u - a scarf of invisibility (worn)
Jewellery
 t - an amulet of faith
Scrolls
 g - 3 scrolls of teleportation {unknown}
 h - a scroll of torment {unknown}
 i - a scroll of poison {unknown}
 j - a scroll of summoning {unknown}
 k - 2 scrolls of identify {unknown}
 m - a scroll of amnesia {unknown}
 o - a scroll of immolation {unknown}
 q - a scroll of noise {unknown}
Potions
 l - 2 potions of might {unknown}
 n - a potion of berserk rage {unknown}
 p - a potion of attraction {unknown}
 s - a potion of resistance {unknown}


   Skills:
 + Level 2.9 Fighting
 + Level 5.1 Long Blades
 + Level 2.0 Throwing
 + Level 1.8 Armour
 + Level 3.9 Dodging


You had 3 spell levels left.
You didn't know any spells.
Your spell library contained the following spells:

 Spells                   Type           Power      Damage    Failure   Level
 Apportation              Tloc           0%         N/A       63%         1
 Ensorcelled Hibernation  Hex/Ice        0%         N/A       77%         2
 Jinxbite                 Hex            0%         N/A       77%         2
 Passwall                 Erth           0%         N/A       94%         3
 Swiftness                Air            0%         N/A       94%         3
 Alistair's Intoxication  Alch           0%         N/A       100%        5


Dungeon Overview and Level Annotations

Branches:
Dungeon (3/15)

Altars:
Qazlal
Wu Jian
The Shining One


Innate Abilities, Weirdness & Mutations

You have a pair of horns on your head.
You reflexively headbutt those who attack you in melee.


Message History

The orc priest invokes the aid of Beogh against you.
You barely resist.
The orc hits you from afar with a +0 trident.
You hit the orc priest but do no damage.
The orc priest is severely wounded.
The orc hits you from afar with a +0 trident.
The orc priest calls down the wrath of Beogh upon you.
Pain shoots through your body!
You hit the orc priest.
You headbutt the orc priest, but do no damage.
The orc priest is almost dead.
The orc hits you from afar with a +0 trident.
* * * LOW HITPOINT WARNING * * *
The orc priest hits you but does no damage.
Unknown command.
You hit the orc priest.
You kill the orc priest!
The Council accepts your kill.
The orc hits you from afar with a +0 trident.
* * * LOW HITPOINT WARNING * * *
Your Long Blades skill increases to level 5!
You have reached level 4!
You feel stronger.
An orc comes into view. It is wielding a +0 club.
The orc shouts!
The orc barely misses you. You furiously retaliate!
You headbutt the orc, but do no damage.
Things that are here:
a +0 short sword; a +0 chain mail; an orc corpse You hit the orc.
The orc is severely wounded.
You hit the orc but do no damage.
The orc is severely wounded.
The orc closely misses you. The orc hits you with a +0 club.
* * * LOW HITPOINT WARNING * * *
You hit the orc but do no damage. You headbutt the orc.
You kill the orc!
The Council accepts your kill. The orc hits you with a +0 club.
You die...

#.# #.# #######.##
.........# ..#####..#
.#####..####
...........#
.#####..##.###########
.....##....@)......
##.....######o###.##
##...# .# ##.## .. #.
..# #. ..# ..# ...


You could see an orc.

Vanquished Creatures
  An orc priest (D:3)
  An adder (D:2)
  A dart slug (D:1)
  A ribbon worm (D:2)
  An orc (D:3)
  5 bats
  3 endoplasms
  4 giant cockroaches
  4 hobgoblins (D:1)
  A kobold (D:2)
  2 quokkas (D:1)
  6 ball pythons
  7 frilled lizards
  5 goblins
  10 rats
52 creatures vanquished.

Notes
Turn   | Place    | Note
-------+----------+-------------------------------------------
     0 | D:1      | Eitelfritz the Minotaur Gladiator began the quest for the
                  | Orb.
     0 | D:1      | Reached XP level 1. HP: 18/18 MP: 0/0
   174 | D:1      | Reached skill level 4 in Long Blades
   218 | D:1      | Reached XP level 2. HP: 25/25 MP: 1/1
   502 | D:1      | Found a faded altar of an unknown god.
   605 | D:1      | Reached XP level 3. HP: 29/30 MP: 2/2
   752 | D:1      | Prayed at the altar of an unknown god.
   752 | D:1      | Became a worshipper of the Wu Jian Council
   752 | D:1      | Reached * piety under Wu Jian
   902 | D:2      | Reached skill level 1 in Armour
  1300 | D:2      | Found a glowing golden altar of the Shining One.
  1597 | D:3      | Found a stormy altar of Qazlal.
  1751 | D:3      | Reached skill level 5 in Long Blades
  1751 | D:3      | Reached XP level 4. HP: 5/37 MP: 3/3
  1754 | D:3      | Slain by an orc

Illustrated notes

Levels and vault maps discovered:
D:1:      onia_arrival_handbag, layout_loops_cross,
          dilly_ecumenical_altar_fadedgnrine, minmay_surrounded
D:2:      layout_loops_ring, basic_altar, kennysheep_potato
D:3:      layout_loops_corners, nicolae_qazlal_general_emergency

Skill      XL: |  1  2  3 |
---------------+----------+-----
Long Blades    | 4 5 |  5.1
Armour         | 1 |  1.8
Fighting       | |  2.9
Throwing       | |  2.0
Dodging        | |  3.9

Action                     |  1- 3 |  4- 6 || total
---------------------------+-------+-------++-------
  Melee: Long sword        |   105 |     3 ||   108
         Headbutt          |    12 |     1 ||    13
Ability: Whirlwind         |     5 |       ||     5
         Lunge             |     3 |       ||     3
 Armour: Leather armour    |    41 |       ||    41
         Ring mail         |    20 |     2 ||    22
  Dodge: Dodged            |    61 |     2 ||    63
